 Dungeon Crawl Stone Soup version 0.31-a0-986-g5e6e4ef867 (webtiles) character file.

Game seed: 7117840600038833408

62 grandjackal the Slasher (level 3, 0/28 HPs)
             Began as a Demonspawn Gladiator on Nov 20, 2023.
             Slain by an orc
             ... wielding a +0 hand axe
              (1 damage)
             ... on level 2 of the Dungeon.
             The game lasted 00:02:27 (908 turns).

grandjackal the Slasher (Demonspawn Gladiator)       Turns: 908, Time: 00:02:28

Health: 0/28       AC:  4    Str: 16    XL:     3   Next: 85%
Magic:  3/3        EV: 12    Int:  9    God:
Gold:   88         SH:  0    Dex: 14    Spells: 2/2 levels left

rFire   . . .        a - +0 long sword
rCold   . . .        (no shield)
rNeg    . . .        b - +0 leather armour
rPois   .            c - +0 helmet
rElec   .            (no cloak)
rCorr   .            (no gloves)
SInv    .            (no boots)
Will    .....        (no amulet)
Stlth   +            (no ring)
HPRegen 0.24/turn    (no ring)
MPRegen 0.08/turn

%: no passive effects
@: no status effects
A: spiny 1
a: no special abilities


You were on level 2 of the Dungeon.
You visited 1 branch of the dungeon, and saw 3 of its levels.

You collected 88 gold pieces.

Inventory:

Hand Weapons
 a - a +0 long sword (weapon)
Missiles
 d - 3 throwing nets
 e - a javelin
 l - 5 boomerangs (quivered)
Armour
 b - a +0 leather armour (worn)
 c - a +0 helmet (worn)
Scrolls
 g - a scroll of enchant weapon {unknown}
 j - a scroll of identify {unknown}
 k - a scroll of immolation {unknown}
 n - 2 scrolls of teleportation {unknown}
 o - 2 scrolls of amnesia {unknown}
 q - a scroll of brand weapon {unknown}
 r - a scroll of torment {unknown}
 s - a scroll of summoning {unknown}
Potions
 f - 2 potions of haste {unknown}
 h - a potion of curing {unknown}
 i - a potion of ambrosia {unknown}
 m - a potion of invisibility {unknown}
 p - a potion of lignification {unknown}


   Skills:
 + Level 2.9 Fighting
 + Level 3.2 Long Blades
 - Level 2.0 Throwing
 + Level 3.2 Dodging


You had 2 spell levels left.
You didn't know any spells.
Your spell library contained the following spells:

 Spells                   Type           Power      Damage    Failure   Level
 Hailstorm                Conj/Ice       0%         3d3       83%         3
 Ozocubu's Armour         Ice            0%         N/A       83%         3
 Summon Ice Beast         Ice/Summ       0%         N/A       99%         4
 Simulacrum               Ice/Necr       0%         N/A       100%        6
 Ozocubu's Refrigeration  Ice            0%         4d7       100%        7


Dungeon Overview and Level Annotations

Branches:
Dungeon (3/15)

Altars:

Annotations:
D:1 1 runed translucent door


Innate Abilities, Weirdness & Mutations

You are partially covered in sharp spines.


Message History

Beogh smites you!
An orc comes into view. It is wielding a +0 hand axe.
The orc moves out of view.
A ball python and 2 orcs come into view.
An orc is wielding a +1 morningstar of holy wrath.
The orc shouts! x4; You hear an angry hiss.
The bat closely misses you.
The orc priest invokes the aid of Beogh against you.
Beogh smites you!
A ball python comes into view.
The ball python hisses angrily.
The bat hits you but does no damage.
There is a stone staircase leading up here.
You climb upwards.
There is a stone staircase leading down here.
You start resting.
HP restored.
You climb downwards.
The orc is struck by your spines. The orc closely misses you.
The orc barely misses you.
There is a stone staircase leading up here.
The orc is struck by your spines. The orc hits you but does no damage.
The orc hits you with a +0 hand axe. The orc is struck by your spines.
The orc hits you with a +1 morningstar of holy wrath!
You convulse!
* * * LOW HITPOINT WARNING * * *
You climb upwards.
There is a stone staircase leading down here.
You barely miss the orc.
The orc is moderately wounded.
The orc is struck by your spines.
You kill the orc!
You hit the orc but do no damage.
The orc is moderately wounded.
The orc barely misses you. The orc misses you.
You slash the orc!
You kill the orc!
The orc hits you with a +0 hand axe.
* * * LOW HITPOINT WARNING * * *
The orc hits you with a +0 hand axe.
You die...

###### #<....
#.###.
#############.....
#@o...............
#)#.############.#
#.#.####.......#.#
#.................
###.####.#####....
#....### #####
####.# #.# # #.#
##


You could see an orc.

Vanquished Creatures
  3 adders (D:2)
  2 orcs (D:2)
  5 bats (D:1)
  2 endoplasms
  2 giant cockroaches (D:3)
  3 hobgoblins (D:1)
  2 ball pythons
  2 frilled lizards (D:1)
  4 goblins (D:1)
  7 kobolds
  2 rats (D:1)
34 creatures vanquished.

Notes
Turn   | Place    | Note
-------+----------+-------------------------------------------
     0 | D:1      | grandjackal the Demonspawn Gladiator began the quest for
                  | the Orb.
     0 | D:1      | Reached XP level 1. HP: 16/16 MP: 1/1
     0 | D:1      | Noticed a jelly
     1 | D:1      | Found a runed translucent door.
   132 | D:1      | Gained mutation: You are partially covered in sharp spines.
                  | [demonic ancestry]
   132 | D:1      | Reached XP level 2. HP: 13/22 MP: 2/2
   464 | D:2      | Reached XP level 3. HP: 28/28 MP: 3/3
   908 | D:2      | HP: 1/28 [orc/+0 hand axe (4)]
   908 | D:2      | Slain by an orc

Illustrated notes

Levels and vault maps discovered:
D:1:      dpeg_arrival_caged_fury, layout_rooms
D:2:      layout_basic, serial_curves, eino_curves_02, eino_curves_01
D:3:      layout_rooms, kennysheep_donut, minmay_increasing_density

Skill      XL: |  1  2 |
---------------+-------+-----
Throwing       | 2 |  2.0
Long Blades    | 3 |  3.2
Dodging        | 3 |  3.2
Fighting       | |  2.9

Action                     || total
---------------------------++-------
  Melee: Long sword        ||    83
         Punch             ||     2
   Stab: Sleeping          ||     1
 Armour: Leather armour    ||    39
  Dodge: Dodged            ||    68

Table legend: (Time is in decaauts)
 A = Elapsed time spent in this place.
 B = Non-inter-level travel time spent in this place.
 C = Inter-level travel time spent in this place.
 D = Time resting spent in this place.
 E = Time spent auto-exploring this place.
 F = Levels seen in this place.
 G = Mean time per level.
                   A        B        C        D        E       F      G
               +--------+--------+--------+--------+--------+-----+--------+
         Total |    929 |    887 |     42 |     92 |    562 |   3 |  309.7 |
       Dungeon |    929 |    887 |     42 |     92 |    562 |   3 |  309.7 |
               +--------+--------+--------+--------+--------+-----+--------+

Top non-repeatable levels by time:
     D:1: 438 daAuts
     D:2: 425 daAuts
     D:3: 65 daAuts
